 Dungeon Crawl Stone Soup version 0.31-a0-216-g22e908daa7 (webtiles) character file.

Game seed: 16354391912127764747

72 qw the Shooter (level 4, -4/36 HPs)
             Began as a Minotaur Hexslinger on July 2, 2023.
             Slain by a black bear (5 damage)
             ... on level 4 of the Dungeon.
             The game lasted 00:00:49 (2557 turns).

qw the Shooter (Minotaur Hexslinger)                Turns: 2557, Time: 00:00:50

Health: -4/36      AC:  5    Str: 11 (12) XL:     4   Next: 7%
Magic:  4/4        EV: 10    Int:  9 (10) God:
Gold:   136        SH:  0    Dex: 15      Spells: 4/5 levels left

rFire   . . .        Y - +1 sling (elec)
rCold   . . .        (no shield)
rNeg    . . .        h - +0 ring mail
rPois   .            (helmet restricted)
rElec   .            (no cloak)
rCorr   +            (no gloves)
SInv    .            (no boots)
Will    +....        (no amulet)
Stlth   +            f - ring of resist corrosion
HPRegen 0.26/turn    g - ring of willpower
MPRegen 0.09/turn

%: no passive effects
@: about to teleport
A: horns 2, retaliatory headbutt
a: no special abilities


You were on level 4 of the Dungeon.
You visited 1 branch of the dungeon, and saw 4 of its levels.

You collected 136 gold pieces.


Innate Abilities, Weirdness & Mutations

You have a pair of horns on your head.
You reflexively headbutt those who attack you in melee.


   Skills:
 - Level 2.0 Fighting
 + Level 4.4 Ranged Weapons
 - Level 1.0 Armour
 - Level 2.1 Dodging
 - Level 1.0 Spellcasting
 - Level 2.0 Hexes


You had 4 spell levels left.
You knew the following spells:

 Your Spells              Type           Power      Damage    Failure   Level
a - Slow                  Hex            16%        N/A       36%         1

Your spell library contained the following spells:

 Spells                   Type           Power      Damage    Failure   Level
 Inner Flame              Hex/Fire       2%         N/A       86%         3
 Portal Projectile        Hex/Tloc       4%         N/A       86%         3
 Cause Fear               Hex            2%         N/A       98%         4

Inventory:

Hand Weapons
 Y - a +1 sling of electrocution (weapon)
Armour
 b - a +0 cloak
 h - a +0 ring mail (worn)
 k - a +0 pair of boots
 l - a +0 pair of gloves
Jewellery
 f - a ring of resist corrosion (left hand)
 g - a ring of willpower (right hand)
 i - a ring of ice
Scrolls
 a - a scroll of enchant armour
 d - a scroll of fear {unknown}
 e - a scroll of identify
Potions
 j - 2 potions of curing
 m - a potion of might
 n - a potion of enlightenment {unknown}

Dungeon Overview and Level Annotations

Branches:
Dungeon (4/15)
 Temple: D:4-7

Altars:

Shops:
D:3 (


Message History

The sling bullet barely misses the black bear.
You shoot a sling bullet. The sling bullet hits the black bear.
The black bear is lightly wounded.
You shoot a sling bullet.
The sling bullet hits the black bear but does no damage.
Lightning courses through the black bear!
The black bear is heavily wounded.
The black bear closely misses you. The black bear claws you. x2
The black bear bites you but does no damage.
The black bear claws you.
The black bear claws you but does no damage.
You shoot a sling bullet. The sling bullet hits the black bear.
The black bear is severely wounded.
The black bear bites you but does no damage.
The black bear claws you but does no damage. x2
You shoot a sling bullet. The sling bullet hits the black bear.
The black bear is severely wounded.
The black bear goes berserk!
You shoot a sling bullet. The sling bullet hits the black bear.
The black bear is almost dead.
The black bear bites you. The black bear claws you.
The black bear claws you but does no damage.
The black bear bites you.
The black bear claws you but does no damage.
The black bear claws you.
You shoot a sling bullet.
The sling bullet completely misses the black bear.
The black bear bites you but does no damage.
The black bear claws you. The black bear misses you. The black bear bites you.
The black bear barely misses you. The black bear claws you.
You shoot a sling bullet. The sling bullet hits the black bear.
The black bear is almost dead.
The black bear closely misses you. The black bear claws you. x2
The black bear bites you! The black bear barely misses you.
The black bear claws you but does no damage.
2557 ||| READING scroll of teleportation.
As you read the scroll of teleportation, it crumbles to dust.
You feel strangely unstable. The black bear bites you.
You die...

#.#
#..........#######....
#######(# #.##...###.#
#....
..<.....####.###.####.#
#....
.......#....<.........#
#....
#####..#.###.###.###..#
#.... #..#.# #>###.#
#..# ###.... #..#.#
#.##..###..# #......
...#.# #>##....#..###
#...... ###.#.#
#.#..@#.#....# #.###.#
....#
#....h#.#....###.# .#
#####
###...#.#......#.###.#
##.##.#....#.......# #.
#.#######..#.#.# #<
#..... #....... #.
#####.# #..#.#.. #. .
##.....# ##...##


You could see a black bear (berserk).

Vanquished Creatures
  An adder (D:2)
  2 dart slugs
  An orc (D:3)
  A bat (D:2)
  3 endoplasms
  2 giant cockroaches
  5 goblins
  5 hobgoblins
  2 jackals (D:1)
  9 kobolds
  4 quokkas
  10 ball pythons
  4 frilled lizards
  4 rats
53 creatures vanquished.

Notes
Turn   | Place    | Note
-------+----------+-------------------------------------------
     0 | D:1      | qw the Minotaur Hexslinger began the quest for the Orb.
     0 | D:1      | Reached XP level 1. HP: 16/16 MP: 1/1
     0 | D:1      | 0 ||| qw: Version: 0.3-a-35-g05ef00e
     0 | D:1      | 0 ||| qw: Game counter: 7793
     0 | D:1      | 0 ||| qw: Melee chars always use a shield: true
     0 | D:1      | 0 ||| qw: God list: Okawaru
     0 | D:1      | 0 ||| qw: Allow faded altars: false
     0 | D:1      | 0 ||| qw: Do Orc after clearing Dungeon:15 true
     0 | D:1      | 0 ||| qw: Do second Lair branch before Depths: true
     0 | D:1      | 0 ||| qw: Lair rune preference: random
     0 | D:1      | 0 ||| qw: Goals: Normal
     0 | D:1      | 0 ||| PLANNING D:1-11
    87 | D:1      | Reached skill level 3 in Ranged Weapons
    87 | D:1      | Reached XP level 2. HP: 23/23 MP: 2/2
   531 | D:1      | 531 ||| UPGRADING to +0 ring mail.
   541 | D:1      | 541 ||| DROPPING +0 robe.
   542 | D:1      | 542 ||| UPGRADING to ring of resist corrosion.
   543 | D:1      | 543 ||| UPGRADING to ring of willpower.
   544 | D:1      | 544 ||| READING 2 scrolls labelled RECEJOESAYKA.
   545 | D:1      | 545 ||| READING 2 scrolls labelled ROUSYM HAL KUA.
   546 | D:1      | 546 ||| READING scroll labelled ZEKHIN RIEFRO.
   547 | D:1      | 547 ||| READING scroll labelled FUNUTR BYXATWA.
   548 | D:1      | 548 ||| DRINKING 2 murky sapphire potions.
   549 | D:1      | 549 ||| DROPPING scroll of poison.
   550 | D:1      | 550 ||| DROPPING potion of degeneration.
   581 | D:2      | Reached XP level 3. HP: 29/29 MP: 3/3
   706 | D:2      | 706 ||| FLEEEEING.
   782 | D:2      | Reached skill level 4 in Ranged Weapons
   864 | D:2      | Reached skill level 1 in Armour
  1513 | D:2      | 1513 ||| DROPPING scarf of harm.
  1514 | D:2      | 1514 ||| READING scroll labelled WUT FIF NOINKU.
  1519 | D:2      | 1519 ||| DRINKING 2 glowing amethyst potions.
  1520 | D:2      | 1520 ||| READING 4 scrolls of identify.
  1520 | D:2      | 1520 ||| IDENTIFYING clear potion
  1521 | D:2      | 1521 ||| READING 3 scrolls of identify.
  1521 | D:2      | 1521 ||| IDENTIFYING emerald potion
  1522 | D:2      | 1522 ||| DROPPING potion of attraction.
  1706 | D:3      | Found Cogu's Antique Weapon Boutique.
  1709 | D:3      | 1709 ||| SHOPLISTING glowing shortbow (162 gold, have 104).
  2357 | D:3      | 2357 ||| READING scroll labelled QEYPAO ROIL.
  2358 | D:3      | 2358 ||| READING 2 scrolls of identify.
  2358 | D:3      | 2358 ||| IDENTIFYING purple potion
  2359 | D:3      | 2359 ||| DROPPING potion of lignification.
  2422 | D:4      | 2422 ||| PLANNING SEWER
  2445 | D:4      | Reached XP level 4. HP: 36/36 MP: 4/4
  2546 | D:4      | Noticed a black bear
  2556 | D:4      | HP: 9/36 [black bear (3)]
  2556 | D:4      | HP: 1/36 [black bear (7)]
  2557 | D:4      | 2557 ||| READING scroll of teleportation.
  2557 | D:4      | Slain by a black bear

Levels and vault maps discovered:
D:1:      dpeg_arrival_lava_temple_mockup, layout_rooms, st_stairs_7
D:2:      layout_basic, minmay_quadrilaterals
D:3:      layout_rooms, serial_shops, nicolae_shop_tiny_real_fake_doors,
          serial_co_window_serial, co_window_of_opportunity_a,
          co_window_paths_a, co_window_corner_a, co_window_of_opportunity_a,
          co_window_paths_a, co_window_corner_cb, co_window_broadway_c,
          co_window_corner_b, co_window_unsneaky_path_c, co_window_broadway_a,
          co_window_2corner, co_window_paths_e, glass_columns_b, glass_columns_b
D:4:      layout_loops_ring, kennysheep_ying_yang, serial_co_window_serial,
          co_window_paths_b, co_window_of_opportunity_a, co_window_paths_a,
          co_window_cross_1, co_window_corner_a, co_window_broadway_a,
          co_window_cross_4, co_window_of_opportunity_c, co_window_broadway_a,
          co_window_unsneaky_path_b, glass_columns_a, glass_columns_c,
          glass_columns_a, glass_columns_a, lightli_sewer_entry_pipes

Skill      XL: |  1  2  3 |
---------------+----------+-----
Ranged Weapons | 3 4 |  4.4
Fighting       | 2 |  2.0
Armour         | 1 |  1.0
Dodging        | |  2.1
Spellcasting   | |  1.0
Hexes          | |  2.0

Action                     |  1- 3 |  4- 6 || total
---------------------------+-------+-------++-------
   Fire: Sling             |   138 |    15 ||   153
    Use: Scroll            |     9 |     1 ||    10
         Potion            |     2 |       ||     2
 Armour: Robe              |     1 |       ||     1
         Ring mail         |    13 |     9 ||    22
  Dodge: Dodged            |    31 |     5 ||    36

Table legend:
 A = Non-vault XP
 B = Vault XP
 C = Vault XP percentage of total XP
 D = Non-vault monster count
 E = Vault monster count
 F = Vault count percentage of total count
                 A         B        C        D         E       F
            +---------+---------+-------+---------+---------+-------
      Total |      96 |       8 |   7.7 |      47 |       6 |  11.3
            +---------+---------+-------+---------+---------+-------
        D:1 |      39 |       1 |   2.5 |      23 |       1 |   4.2
        D:2 |      39 |       7 |  15.2 |      15 |       5 |  25.0
        D:3 |       8 |       0 |   0.0 |       4 |       0 |   0.0
        D:4 |      10 |       0 |   0.0 |       5 |       0 |   0.0
            +---------+---------+-------+---------+---------+-------
